 Dungeon Crawl Stone Soup version 0.29.1-15-g9cfb28693d (webtiles) character file.

Game seed: 11720881743998061799

4 Mickster the Sneak (level 1, -2/13 HPs)
             Began as a Deep Elf Wanderer on Feb 27, 2023.
             Slain by a goblin
             ... wielding a +1 dagger of protection
              (3 damage)
             ... on level 1 of the Dungeon.
             The game lasted 00:01:48 (62 turns).

Mickster the Sneak (Deep Elf Wanderer)                Turns: 62, Time: 00:01:49

Health: -2/13      AC:  6    Str:  7    XL:     1   Next: 50%
Magic:  6/6        EV:  9    Int: 17    God:
Gold:   10         SH:  0    Dex: 15    Spells: 5/6 levels left

rFire   . . .      SeeInvis .   a - +0 dagger
rCold   . . .      Faith    .   (no shield)
rNeg    . . .      Spirit   .   f - +0 ring mail
rPois   .          Reflect  .   b - +0 helmet
rElec   .          Harm     .   (no cloak)
rCorr   .          Rampage  .   (no gloves)
Will    .....                   (no boots)
Stlth   ++........              (no amulet)
HPRegen 0.04/turn               (no ring)
MPRegen 0.10/turn               (no ring)

@: no status effects
A: no striking features
a: no special abilities


You were on level 1 of the Dungeon.
You visited 1 branch of the dungeon, and saw 1 of its levels.

You collected 10 gold pieces.

Inventory:

Hand Weapons
 a - a +0 dagger (weapon)
Missiles
 g - 5 stones
Armour
 b - a +0 helmet (worn)
 d - a +0 robe
 f - a +0 ring mail (worn)
Potions
 c - a potion of haste
 e - a potion of attraction


   Skills:
 + Level 2.5 Fighting
 + Level 3.8 Stealth
 + Level 3.1 Spellcasting
 + Level 2.0 Air Magic


You had 5 spell levels left.
You knew the following spells:

 Your Spells              Type           Power      Damage    Failure   Level
a - Shock                 Conj/Air       24%        1d4       38%         1

Your spell library contained the following spells:

 Spells                   Type           Power      Damage    Failure   Level
 Mephitic Cloud           Conj/Pois/Air  4%         N/A       80%         3
 Corpse Rot               Necr/Pois/Air  4%         N/A       99%         4


Dungeon Overview and Level Annotations

Branches:
Dungeon (1/15)

Altars:


Message History

You barely miss the rat. The bat hits you but does no damage.
The rat closely misses you. The goblin hits you but does no damage.
You barely miss the rat. The bat hits you but does no damage.
The rat bites you but does no damage. The goblin hits you but does no damage.
The bat hits you but does no damage.
You hit the rat.
You kill the rat!
The bat hits you. The bat hits you but does no damage.
The goblin hits you but does no damage.
You hit the bat.
You kill the bat!
The kobold throws a stone.
The stone misses you. The goblin hits you but does no damage.
The kobold misses you. The goblin hits you but does no damage.
Things that are here:
10 gold pieces; a bat corpse; a rat corpse You have 0 gold pieces.
You now have 10 gold pieces.
The kobold misses you. The goblin hits you but does no damage.
You miss the kobold. The kobold hits you but does no damage.
The goblin hits you but does no damage.
You hit the kobold but do no damage. The kobold hits you with a +0 club.
The goblin barely misses you.
You barely miss the kobold. The kobold hits you with a +0 club.
The goblin closely misses you.
You hit the kobold.
You kill the kobold!
The goblin closely misses you.
Items here: ! ( ) †.
You hit the goblin but do no damage. The goblin completely misses you.
You hit the goblin but do no damage.
The goblin hits you with a +1 dagger of protection.
You closely miss the goblin.
The goblin hits you with a +1 dagger of protection.
* * * LOW HITPOINT WARNING * * *
You hit the goblin but do no damage. The goblin hits you but does no damage.
You barely miss the goblin. The goblin barely misses you.
You hit the goblin but do no damage.
The goblin hits you with a +1 dagger of protection.
You die...

.....# .....# .....#
######......
#..|.......#
###..........#
####............#
###........@.......
≈~~............†g...!..#
≈~~.........8......#####
≈~.~..........8..###
≈≈.~.............#
≈~~~~...........##
≈~.~~...........#
≈~~~.....8......#
≈≈≈.~~~<.......##


You could see a goblin.

Vanquished Creatures
  An endoplasm (D:1)
  A kobold (D:1)
  A bat (D:1)
  A rat (D:1)
4 creatures vanquished.

Notes
Turn   | Place    | Note
-------+----------+-------------------------------------------
     0 | D:1      | Mickster the Deep Elf Wanderer began the quest for the Orb.
     0 | D:1      | Mickster set off with the following items: a +0 dagger, a
                  | +0 helmet, a potion of haste, a +0 robe, a potion of
                  | attraction; and the following spell memorised: Shock; and
                  | the following spells available to memorise: Mephitic Cloud,
                  | Corpse Rot.
     0 | D:1      | Reached XP level 1. HP: 13/13 MP: 6/6
    62 | D:1      | Slain by a goblin

Illustrated notes

Levels and vault maps discovered:
D:1:      nicolae_arrival_washed_ashore, layout_rooms,
          ebering_ecumenical_altar_webs, minmay_misc_feat_ornament, st_stairs_2

Action                   || total
-------------------------++-------
Melee: Dagger            ||    22
Armor: Ring mail         ||    18
Dodge: Dodged            ||    14
